 Dungeon Crawl Stone Soup version 0.29.1-4-g47bece8355 (webtiles) character file.

Game seed: 3950179372076177193

4263 javelincjr the Thaumaturge (level 10, -2/46 HPs)
             Began as a Spriggan Conjurer on Dec 8, 2022.
             Was a Priest of Sif Muna.
             Hit by a large rock thrown by a cyclops (48 damage)
             ... on level 9 of the Dungeon.
             The game lasted 01:21:14 (10424 turns).

javelincjr the Thaumaturge (Spriggan Conjurer)     Turns: 10424, Time: 01:21:15

Health: -2/46      AC:  3    Str:  3      XL:     10   Next: 10%
Magic:  20/27      EV: 21    Int: 24 (25) God:    Sif Muna [***...]
Gold:   457        SH:  0    Dex: 19      Spells: 18/34 levels left

rFire   . . .      SeeInvis +   E - +3 short sword
rCold   x . .      Faith    +   (no shield)
rNeg    . . .      Spirit   .   a - +1 robe
rPois   +          Reflect  .   (helmet restricted)
rElec   +          Harm     .   (no cloak)
rCorr   .          Rampage  .   (gloves unavailable)
Will    +....                   (boots unavailable)
Stlth   ++++......              b - amulet of faith
HPRegen 0.15/turn               J - ring of wizardry
MPRegen 0.20/turn               u - ring "Girr" {rElec rPois rC- Dex+6}

@: very quick
A: very small, no large weapons, unfitting armour, see invisible, speed 3, horns
1, deterioration 1, wild magic 1, inability to drink after injury 1
a: Renounce Religion, Channel Magic, Forget Spell


You were on level 9 of the Dungeon.
You worshipped Sif Muna.
Sif Muna was most pleased with you.
You visited 2 branches of the dungeon, and saw 10 of its levels.
You also visited: Ossuary.

You collected 457 gold pieces.

Inventory:

Hand Weapons
 g - a +1 dagger of draining
 t - a +0 arbalest
 E - a +3 short sword (weapon)
 H - a +1 rapier of venom
 K - a +4 flail of freezing
 L - a +4 flail of freezing
 O - a +1 vampiric dagger
Missiles
 n - 5 boomerangs (quivered)
 o - 15 poisoned darts
 v - a boomerang of dispersal
 y - a throwing net
Armour
 a - a +1 robe (worn)
 D - +0 steam dragon scales
Magical Staves
 x - a staff of death
Jewellery
 b - an amulet of faith (around neck)
 f - an amulet of the acrobat
 u - the ring "Girr" (right hand) {rElec rPois rC- Dex+6}
   (You acquired it on level 6 of the Dungeon)

   [ring of dexterity]

   Dex:       It affects your dexterity (+6).
   rC:        It makes you vulnerable to cold.
   rElec:     It insulates you from electricity.
   rPois:     It protects you from poison.
 w - a ring of protection from cold
 I - an amulet of guardian spirit
 J - a ring of wizardry (left hand)
Wands
 d - a wand of quicksilver (13)
 e - a wand of digging (9)
 j - a wand of flame (4)
 A - a wand of paralysis (8)
 C - a wand of polymorph (4)
Scrolls
 c - 6 scrolls of teleportation
 p - a scroll of blinking
 s - a scroll of butterflies
 z - 2 scrolls of fear
Potions
 h - 2 potions of heal wounds
 i - 2 potions of flight
 k - a potion of magic
 l - 3 potions of haste
 m - 5 potions of curing
 q - a potion of ambrosia
 r - a potion of cancellation
 F - a potion of attraction
 G - a potion of resistance {unknown}
 M - a potion of berserk rage {unknown}
Miscellaneous
 B - a piece from Xom's chessboard (14/15)
 N - a condenser vane (inert)


   Skills:
 + Level 1.4 Fighting
 + Level 1.3 Short Blades
 + Level 0.7 Ranged Weapons
 + Level 1.4 Throwing
 + Level 6.6 Dodging
 + Level 6.6 Stealth
 * Level 12.6 Spellcasting
 + Level 6.4 Conjurations
 + Level 0.4 Air Magic
 + Level 1.9 Evocations


You had 18 spell levels left.
You knew the following spells:

 Your Spells              Type           Power      Damage    Failure   Level
a - Magic Dart            Conj           100%       1d8       1%          1
b - Searing Ray           Conj           100%       2d8       1%          2
c - Static Discharge      Conj/Air       41%        3-9/arc   1%          2
d - Conjure Flame         Conj/Fire      40%        6-21      2%          3
e - Fulminant Prism       Conj/Hex       19%        3d11      6%          4
f - Sticky Flame          Conj/Fire      40%        2d6       6%          4

Your spell library contained the following spells:

 Spells                   Type           Power      Damage    Failure   Level
 Dazzling Flash           Conj/Hex       78%        N/A       2%          3
 Iskenderun's Mystic Bla  Conj/Tloc      39%        2d9       6%          4
 Ignite Poison            Fire/Tmut/Pois 19%        N/A       7%          3
 Dispel Undead            Necr           19%        3d11      21%         4


Dungeon Overview and Level Annotations

Branches:
Dungeon (9/15)             Temple (1/1) D:6         Ossuary (visited)
   Lair: D:8-11         Orc: D:9-12

Altars:
Ashenzari
Cheibriados
Dithmenos
Elyvilon
Fedhas
Gozag
Hepliaklqana
Kikubaaqudgha
Makhleb
Nemelex Xobeh
Okawaru
Qazlal
Ru
Sif Muna
Trog
Uskayaw
Vehumet
Wu Jian
Xom
Zin
The Shining One
Lugonu


Innate Abilities, Weirdness & Mutations

You are very small and have problems with some larger weapons.
You are too small for most types of armour.
You have supernaturally acute eyesight. (SInv)
You cover ground extremely quickly. (Speed+++)
You have a pair of small horns on your head.
Your body sometimes deteriorates upon taking damage.
Your spells are a little harder to cast, but a little more powerful.
You occasionally lose the ability to drink potions when taking damage.


Message History

The magic dart hits the gnoll sergeant but does no damage.
The bullfrog gives a loud, deep croak!
The gnoll sergeant shouts!
Casting: Magic Dart (safe; 1% risk of failure)
Confirm with . or Enter, or press ? or * to list all spells.
Aiming: Magic Dart (safe; 1% risk of failure)
Press: ? - help, Shift-Dir - straight line, f/p - gnoll sergeant
Aim: a gnoll sergeant, wielding the +6 quarterstaff "Quinuv" {vorpal, Drain rC+ Int+5} and wearing a +0 ring mail (100% to hit)
The magic dart hits the gnoll sergeant but does no damage.
Casting: Magic Dart (safe; 1% risk of failure)
Confirm with . or Enter, or press ? or * to list all spells.
Aiming: Searing Ray (safe; 1% risk of failure)
Press: ? - help, Shift-Dir - straight line, f/p - gnoll sergeant
Aim: a gnoll sergeant, wielding the +6 quarterstaff "Quinuv" {vorpal, Drain rC+ Int+5} and wearing a +0 ring mail (87% to hit)
The searing ray hits the gnoll sergeant!
The gnoll sergeant is moderately wounded. (Press . to maintain the ray.)
The searing ray hits the gnoll sergeant.
The gnoll sergeant is heavily wounded.
The searing ray hits the bullfrog!
The bullfrog is heavily wounded.
A cyclops comes into view.
The searing ray hits the gnoll sergeant.
The gnoll sergeant is severely wounded.
The searing ray misses the bullfrog.
The gnoll sergeant closely misses you.
A centaur comes into view. It is wielding a +0 spear.
The searing ray hits the gnoll sergeant!
You kill the gnoll sergeant!
Sif Muna accepts your kill.
The searing ray hits the bullfrog!
The bullfrog is almost dead.
You finish channelling your searing ray.
The gnoll sergeant completely misses you.
You hit the bullfrog.
You kill the bullfrog!
Sif Muna accepts your kill.
The gnoll sergeant completely misses you.
The gnoll sergeant barely misses you.
The cyclops throws a large rock.
The large rock hits you!!!
Ouch! That really hurt!
You die...

... ##
#...#.# .
.##
.C.#...#.
.
.........
........#
........#
........#
.......g#
......(@##
........<#
........##
#########


You could see a cyclops and a gnoll sergeant.

Vanquished Creatures
  Maggie (D:6)
  A hornet zombie (Ossuary)
  2 ice beasts (D:6)
  An orc warrior (D:8)
  A black bear (D:5)
  A sky beast (D:5)
  An ogre (D:6)
  5 phantoms
  3 bullfrogs
  2 scorpions (D:6)
  A necrophage (D:4)
  2 gnoll sergeants
  6 water moccasin zombies (Ossuary)
  7 wights
  2 killer bees (D:9)
  3 howler monkeys
  3 centaur zombies (Ossuary)
  A jelly (D:6)
  9 bullfrog zombies (Ossuary)
  6 hounds
  7 orc priests
  5 iguanas
  3 orc wizards
  5 killer bee zombies (Ossuary)
  7 mummies
  5 howler monkey zombies (Ossuary)
  12 gnolls
  7 adders
  A shadow imp (D:6)
  4 white imps
  2 worms
  3 dart slugs
  13 orcs
  5 endoplasms
  5 giant cockroaches
  3 goblins
  7 hobgoblins
  9 jackals
  5 quokkas
  14 ball pythons
  8 bats
  2 frilled lizards (D:1)
  A hobgoblin zombie (D:5)
  7 kobolds
  A kobold zombie (D:5)
  6 rats
205 creatures vanquished.

Vanquished Creatures (others)
  A fulminant prism (D:9)
  3 plants (D:1)
  5 withered plants (Ossuary)
9 creatures vanquished.

Grand Total: 214 creatures vanquished

Notes
Turn   | Place    | Note
-------+----------+-------------------------------------------
     0 | D:1      | javelincjr the Spriggan Conjurer began the quest for the
                  | Orb.
     0 | D:1      | Reached XP level 1. HP: 9/9 MP: 5/5
   488 | D:1      | Reached XP level 2. HP: 13/13 MP: 3/6
   824 | D:1      | Reached skill level 3 in Spellcasting
  1199 | D:1      | Reached XP level 3. HP: 16/16 MP: 5/8
  1938 | D:2      | Learned a level 2 spell: Searing Ray
  1941 | D:2      | Learned a level 2 spell: Static Discharge
  1995 | D:3      | Noticed a bullfrog
  1995 | D:3      | Found a faded altar of an unknown god.
  2007 | D:2      | Killed a bullfrog
  2008 | D:2      | Reached skill level 4 in Spellcasting
  2008 | D:2      | Reached XP level 4. HP: 13/21 MP: 0/11
  2173 | D:2      | Reached XP level 5. HP: 24/24 MP: 7/12
  2873 | D:4      | Noticed a phantom
  2902 | D:3      | Noticed a phantom
  2910 | D:3      | Killed a phantom
  2911 | D:3      | Reached skill level 5 in Spellcasting
  3269 | D:3      | Gained mutation: You have sharp fingernails. [potion of
                  | mutation]
  3269 | D:3      | Gained mutation: You have a somewhat thin skeletal
                  | structure. (Dex +2, Stealth+) [potion of mutation]
  3269 | D:3      | Gained mutation: You have a pair of small horns on your
                  | head. [potion of mutation]
  3497 | D:3      | Reached XP level 6. HP: 28/28 MP: 13/15
  3602 | D:3      | Found a white marble altar of Elyvilon.
  3603 | D:3      | Found a broken altar of Ashenzari.
  3609 | D:3      | Found a bloodstained altar of Trog.
  3609 | D:3      | Found a sacrificial altar of Ru.
  3612 | D:3      | Found a blossoming altar of Fedhas.
  3613 | D:3      | Found a snail-covered altar of Cheibriados.
  3614 | D:3      | Found a burning altar of Makhleb.
  3662 | D:3      | Identified the +3 plate armour "Gaonys" {Str+3 Int+2}
  3669 | D:3      | Found an ornate altar of the Wu Jian Council.
  3674 | D:3      | Noticed a spectral centipede
  3674 | D:3      | Noticed a spectral black mamba
  3674 | D:3      | Noticed a spectral cane toad
  4139 | D:4      | Found a shimmering blue altar of Sif Muna.
  4263 | D:4      | Reached skill level 6 in Spellcasting
  4370 | D:4      | Became a worshipper of Sif Muna the Loreminder
  4519 | D:4      | Found a shadowy altar of Dithmenos.
  4582 | D:4      | Reached XP level 7. HP: 30/32 MP: 9/17
  4656 | D:5      | Entered Level 5 of the Dungeon
  4656 | D:5      | Noticed a steam dragon
  4712 | D:5      | Found a sand-covered staircase.
  4937 | Ossuary  | Entered an ossuary
  5140 | Ossuary  | Reached skill level 7 in Spellcasting
  5266 | Ossuary  | Reached skill level 1 in Throwing
  5275 | Ossuary  | Reached skill level 5 in Conjurations
  5292 | Ossuary  | Reached skill level 5 in Stealth
  5296 | Ossuary  | Reached XP level 8. HP: 7/37 MP: 13/20
  5301 | Ossuary  | Reached skill level 1 in Fighting
  5552 | Ossuary  | Reached * piety under Sif Muna
  5554 | Ossuary  | Reached skill level 5 in Dodging
  5558 | Ossuary  | Reached skill level 8 in Spellcasting
  5941 | Ossuary  | Reached skill level 1 in Short Blades
  6564 | D:5      | Reached skill level 9 in Spellcasting
  6776 | D:5      | Found an iron altar of Okawaru.
  7069 | D:5      | Lost mutation: You have a somewhat thin skeletal structure.
                  | (Dex +2, Stealth+) [potion of mutation]
  7069 | D:5      | Lost mutation: You have a pair of small horns on your head.
                  | [potion of mutation]
  7069 | D:5      | Lost mutation: You have sharp fingernails. [potion of
                  | mutation]
  7069 | D:5      | Gained mutation: Your body sometimes deteriorates upon
                  | taking damage. [potion of mutation]
  7069 | D:5      | Gained mutation: Your spells are a little harder to cast,
                  | but a little more powerful. [potion of mutation]
  7069 | D:5      | Gained mutation: You occasionally lose the ability to drink
                  | potions when taking damage. [potion of mutation]
  7069 | D:5      | Gained mutation: You have a pair of small horns on your
                  | head. [potion of mutation]
  7462 | D:4      | Reached ** piety under Sif Muna
  7482 | D:4      | Reached XP level 9. HP: 41/41 MP: 4/23
  8166 | D:6      | Reached skill level 10 in Spellcasting
  8221 | D:6      | Identified a scroll of acquirement
  8221 | D:6      | Acquired the ring "Girr" {rElec rPois rC- Dex+6}
  8252 | D:6      | Noticed Maggie
  8263 | D:6      | Killed Maggie
  8475 | D:6      | Found a staircase to the Ecumenical Temple.
  8487 | Temple   | Entered the Ecumenical Temple
  8622 | D:6      | Found a stormy altar of Qazlal.
  8679 | D:6      | Identified the +4 ring mail of Exclusion {rElec}
  8730 | D:6      | Reached skill level 11 in Spellcasting
  9737 | D:7      | Reached skill level 12 in Spellcasting
  9738 | D:7      | Reached *** piety under Sif Muna
  9915 | D:8      | Reached skill level 1 in Evocations
  9984 | D:8      | Learned a level 3 spell: Conjure Flame
  9989 | D:8      | Learned a level 4 spell: Fulminant Prism
  9994 | D:8      | Learned a level 4 spell: Sticky Flame
 10091 | D:9      | Reached XP level 10. HP: 42/46 MP: 21/27
 10108 | D:9      | Noticed a two-headed ogre
 10415 | D:9      | Identified the +6 quarterstaff "Quinuv" {vorpal, Drain rC+
                  | Int+5}
 10420 | D:9      | Noticed a cyclops
 10424 | D:9      | Hit by a large rock thrown by a cyclops

Illustrated notes

Levels and vault maps discovered:
D:1:      tarquinn_simple_flora_water_a, layout_rooms
D:2:      layout_rooms
D:3:      layout_loops_corners, pdpol_wu_jian_five_deadly_venoms, minitemple,
          nicolae_ecumenical_pavilion
D:4:      layout_gridville, nicolae_sif_muna_condensation, grunt_dithmenos_smoke
D:5:      layout_rooms, okawaru_trees_1, nicolae_ossuary_entry_giza,
          nicolae_fountain_basement
D:6:      layout_basic, nicolae_qazlal_general_emergency,
          minmay_temple_entry_statues_pillars, hellmonk_bongcloud_opening,
          amcnicky_mini_pool_medium, uniq_maggie
D:7:      layout_loops_ring, lemuel_mausoleum_altar_yredelemnul, hex_large
D:8:      layout_basic, dpeg_lair_monsters
D:9:      cheibrodos_fzero, layout_basic, library_closet,
          nicolae_shop_overcharged_wands
Temple:   corrupted_temple

Skill      XL: |  1  2  3  4  5  6  7  8  9 |
---------------+----------------------------+-----
Conjurations   | 3 4 5 6 |  6.4
Spellcasting   | 3 4 5 6 7 9 12 | 12.6
Dodging        | 3 4 6 |  6.6
Stealth        | 5 6 |  6.6
Throwing       | 1 |  1.4
Fighting       | 1 |  1.4
Short Blades   | 1 |  1.3
Evocations     | 1 |  1.9
Ranged Weapons | |  0.7
Air Magic      | |  0.4

Action                   |  1- 3 |  4- 6 |  7- 9 | 10-12 || total
-------------------------+-------+-------+-------+-------++-------
Melee: Unarmed           |    14 |       |       |       ||    14
       Dagger            |     5 |    14 |    37 |       ||    56
       Headbutt          |       |     1 |     2 |       ||     3
       Short sword       |       |       |     4 |     4 ||     8
 Fire: Arbalest          |       |       |     3 |       ||     3
Throw: Boomerang         |       |     7 |     2 |     1 ||    10
 Cast: Magic Dart        |   100 |    48 |   109 |     6 ||   263
       Searing Ray       |     2 |    21 |    93 |     8 ||   124
       Static Discharge  |       |       |     6 |       ||     6
       Conjure Flame     |       |       |       |     1 ||     1
       Fulminant Prism   |       |       |       |     1 ||     1
Evoke: Piece from Xom's  |       |       |     2 |     1 ||     3
       Condenser vane    |       |       |     1 |       ||     1
  Use: Scroll            |       |    15 |     8 |       ||    23
       Potion            |       |     1 |     5 |       ||     6
 Stab: Sleeping          |       |       |     2 |       ||     2
       Distracted        |       |       |     1 |       ||     1
       Confused          |       |       |     2 |       ||     2
Armor: Robe              |    13 |     1 |     5 |     1 ||    20
Dodge: Dodged            |    74 |    22 |   200 |    13 ||   309
